 Dungeon Crawl Stone Soup version 0.19.1-1-g22dce08 (webtiles) character file.

70 Megalobster the Firebug (level 4, -1/24 HPs)
             Began as a Deep Elf Fire Elementalist on Jan 12, 2017.
             Slain by a goblin (2 damage)
             ... led by Robin
             ... on level 2 of the Dungeon.
             The game lasted 00:06:35 (986 turns).

Megalobster the Firebug (Deep Elf Fire Elementalist) Turns: 986, Time: 00:06:36

Health: -1/24      AC:  2    Str:  6    XL:     4   Next: 4%
Magic:  5/11       EV: 13    Int: 20    God:
Gold:   54         SH:  0    Dex: 15    Spells: 1 memorised, 9 levels left

rFire  . . .     SeeInvis .     e - +0 dagger
rCold  . . .     Gourm    .     f - +0 robe
rNeg   . . .     Faith    .     (no shield)
rPois  .         Spirit   .     (no helmet)
rElec  .         Reflect  .     (no cloak)
rCorr  .         Harm     .     (no gloves)
MR     .....                    (no boots)
Stlth  ++........               (no amulet)
                                (no ring)
                                (no ring)

@: no status effects
A: no striking features
a: no special abilities


You were on level 2 of the Dungeon.
You were not hungry.

You visited 1 branch of the dungeon, and saw 2 of its levels.

You collected 54 gold pieces.

Inventory:

Hand Weapons
 e - a +0 dagger (weapon)
 g - a +0 short sword
Armour
 a - a +0 robe
 f - a +0 robe (worn)
Scrolls
 d - a scroll of identify {unknown}
 j - a scroll of amnesia {unknown}
 k - a scroll of teleportation {unknown}
 m - a scroll of remove curse {unknown}
Potions
 l - a potion of curing {unknown}
 n - 2 potions of invisibility {unknown}
Books
 b - a book of Flames

   Spells                             Type                      Level
   a - Flame Tongue                   Conjuration/Fire             1
   b - Throw Flame                    Conjuration/Fire             2
   c - Conjure Flame                  Conjuration/Fire             3
   d - Inner Flame                    Hexes/Fire                   3
   e - Sticky Flame                   Conjuration/Fire             4
   f - Fireball                       Conjuration/Fire             5
Comestibles
 c - 2 bread rations
 h - a beef jerky
 i - a meat ration
 o - a chunk of flesh


   Skills:
 + Level 2.4 Dodging
 - Level 2.4 Stealth
 + Level 3.9 Spellcasting
 * Level 2.5 Conjurations
 + Level 4.3 Fire Magic


You had 9 spell levels left.
You knew the following spells:

 Your Spells              Type           Power        Failure   Level  Hunger
a - Flame Tongue          Conj/Fire      ###..        3%          1    None


Dungeon Overview and Level Annotations

Branches:
Dungeon (2/15)

Altars:

Annotations:
D:2 Robin


Message History

* * * LOW HITPOINT WARNING * * *
Casting: Flame Tongue
Confirm with . or Enter, or press ? or * to list all spells.
Aiming: Flame Tongue
Press: ? - help, Shift-Dir - straight line, f - goblin
Aim: a goblin (unusually strong)
The flame tongue hits the goblin.
You kill the goblin!
Robin throws the goblin at you! The goblin closely misses you.
A goblin comes into view. It is wielding a dagger.
Casting: Flame Tongue
Confirm with . or Enter, or press ? or * to list all spells.
Aiming: Flame Tongue
Press: ? - help, Shift-Dir - straight line, f - goblin
Aim: a goblin (unusually strong)
The flame tongue misses the goblin.
The goblin shouts!
Robin says, "Kneel, worm!"
The goblin hits you.
You die...

..####..#####.###.#
#.........<...# #.#
####....#####.###.#
.....##.## #.....#
###....#.# ###.###
#.....## #.##
##.#.## #..# #.#<#
##g# . #.# #@# ##
#.# #g# #.# #g# #.#
#######g#### #.#
#......g...# #.#
#.#####g##.# ##.
... .# ##g## # #.#


You could see Robin, 2 hobgoblins and 4 goblins.

Vanquished Creatures
  Jessica (D:2)
  An adder (D:2)
  2 leopard geckos
  4 giant cockroaches (D:1)
  9 goblins
  4 hobgoblins (D:1)
  2 frilled lizards
  2 kobolds (D:1)
  8 rats (D:1)
33 creatures vanquished.

Notes
Turn   | Place    | Note
-------+----------+-------------------------------------------
     0 | D:1      | Megalobster the Deep Elf Fire Elementalist began the quest for the Orb.
     0 | D:1      | Reached XP level 1. HP: 10/10 MP: 6/6
   163 | D:1      | Reached XP level 2. HP: 8/15 MP: 0/8
   522 | D:1      | Reached skill level 4 in Fire Magic
   673 | D:2      | Noticed Jessica
   674 | D:2      | Killed Jessica
   674 | D:2      | Reached XP level 3. HP: 19/19 MP: 8/10
   973 | D:2      | Noticed Robin
   977 | D:2      | Reached XP level 4. HP: 18/24 MP: 7/11
   984 | D:2      | HP: 1/24 [goblin[Robin] (5)]
   986 | D:2      | Slain by a goblin

Skill      XL: |  1  2 |
---------------+-------+-----
Fire Magic     | 4 |  4.3
Conjurations   | 2 |  2.5
Dodging        | |  2.4
Stealth        | |  2.4
Spellcasting   | |  3.9

Action                   |  1- 3 |  4- 6 || total
-------------------------+-------+-------++-------
Melee: Dagger            |     3 |     2 ||     5
 Cast: Flame Tongue      |    43 |     4 ||    47
 Stab: Sleeping          |     1 |       ||     1
Armor: Robe              |     5 |     1 ||     6
Dodge: Dodged            |     7 |     5 ||    12
